 Dungeon Crawl Stone Soup version 0.31-a0-1042-ga9834b393d (webtiles) character file.

Game seed: 6165997882123523349

1421888 PanSaczeczos the Imperceptible (level 27, 163/163 HPs)
             Began as a Kobold Delver on Nov 19, 2023.
             Was a High Priest of Hepliaklqana.
             Escaped with the Orb
             ... and 3 runes on Nov 20, 2023!
             The game lasted 05:54:02 (105351 turns).

PanSaczeczos the Imperceptible (Kobold Delver)    Turns: 105351, Time: 05:54:02

Health: 163/163    AC: 14    Str: 17    XL:     27
Magic:  37/37      EV: 39    Int: 20    God:    Hepliaklqana [*****.]
Gold:   1603       SH:  4    Dex: 31    Spells: 0/46 levels left

rFire   + . .        b - +9 arbalest (heavy)
rCold   + + .        (shield currently unavailable)
rNeg    . . .        k - +0 leather armour "Lareb" {Int+6 Dex-2}
rPois   +            (helmet restricted)
rElec   .            G - +2 cloak {rPois}
rCorr   +            E - +2 pair of gloves {Dex+3}
SInv    +            A - +1 pair of boots of Honesty {Rampage Fly Str+8}
Will    ++++.        P - amulet of the Rose {Acrobat Fly Will+ rCorr}
Stlth   +++          L - ring of the Mage {Wiz Archmagi}
HPRegen 1.27/turn    g - ring "Zeucunow" {rF+ rC++ Will+ SInv}
MPRegen 0.25/turn

%: acrobat, rampage, wizardry (x1), archmagi
@: flying, studying Evocations
A: reduced essence, small, no large weapons, nightstalker 3, antennae 1,
iridescent scales 1, large bone plates 1, agile 1, regeneration 1
0: Orb of Zot
}: 3/15 runes: decaying, serpentine, silver
a: Renounce Religion, Recall Ancestor, Ancestor Identity, Transference, Idealise


You escaped.
You worshipped Hepliaklqana.
Hepliaklqana was extremely pleased with you.
You visited 11 branches of the dungeon, and saw 51 of its levels.
You also visited: Trove, Bailey, Ice Cave and Wizlab.

You collected 9006 gold pieces.
You spent 7403 gold pieces at shops.

Inventory:

Hand Weapons
 a - the +10 dagger "Arbiter" {heavy, rN++ Will++ Str-3}
   (You bought it in a shop on level 2 of the Orcish Mines)

   Str-3:     It affects your strength (-3).
   rN++:      It greatly protects you from negative energy.
   Will++:    It greatly increases your willpower.
 b - a +9 heavy arbalest (weapon)
 q - a +6 rapier of electrocution
 s - the +9 orcbow of Fyraust Kugu {flame, rElec rN+}
   (You bought it in a shop on level 2 of the Orcish Mines)

   rElec:     It insulates you from electricity.
   rN+:       It protects you from negative energy.
Missiles
 d - 16 curare-tipped darts
 j - 2 throwing nets {!f}
Armour
 k - the +0 leather armour "Lareb" (worn) {Int+6 Dex-2}
   (You took it off an ironbound preserver on level 5 of the Vaults)

   Int+6:     It affects your intelligence (+6).
   Dex-2:     It affects your dexterity (-2).
 u - a +2 helmet of intelligence
 A - the +1 pair of boots of Honesty (worn) {Rampage Fly Str+8}
   (You found it in an ice cave)

   Str+8:     It affects your strength (+8).
   Fly:       It grants you flight.
   Rampage:   It bestows one free step when moving towards enemies.
 E - a +2 pair of gloves of dexterity (worn)
 G - a +2 cloak of poison resistance (worn)
Jewellery
 g - the ring "Zeucunow" (right hand) {rF+ rC++ Will+ SInv}
   (You found it in a treasure trove)

   [ring of willpower]

   rF+:       It protects you from fire.
   rC++:      It greatly protects you from cold.
   Will+:     It increases your willpower.
   SInv:      It lets you see invisible.
 L - the ring of the Mage (left hand) {Wiz Archmagi}
   (You found it on level 4 of the Vaults)

   [ring of wizardry]

   Wiz:       It improves your spell success rate.
   Archmagi:  It increases the power of your magical spells.
 P - the amulet of the Rose (around neck) {Acrobat Fly Will+ rCorr}
   (You bought it in a shop on level 3 of the Depths)

   [amulet of the acrobat]

   Acrobat:   It increases your evasion while moving and waiting.
   Will+:     It increases your willpower.
   Fly:       It grants you flight.
   rCorr:     It protects you from acid and corrosion.
 U - the amulet "Wit Gepy" {rElec Regen+}
   (You found it in a treasure trove)

   [amulet of regeneration]

   rElec:     It insulates you from electricity.
   Regen+:    It increases your rate of health regeneration.
Wands
 f - a wand of digging (7)
 n - a wand of mindburst (32)
 p - a wand of paralysis (32)
 x - a wand of acid (18)
 z - a wand of flame (81)
 H - a wand of polymorph (24)
 I - a wand of roots (31)
Scrolls
 e - 6 scrolls of fog {!r}
 l - 8 scrolls of fear {!r}
 m - 16 scrolls of teleportation {!r}
 o - 4 scrolls of blinking {!r}
 r - 7 scrolls of poison {!r}
 y - 5 scrolls of silence {!r}
 J - a scroll of butterflies {!r}
 R - 6 scrolls of vulnerability {!r}
 S - 3 scrolls of revelation {!r}
 T - a scroll of amnesia {!r}
Potions
 c - 12 potions of lignification
 t - 10 potions of mutation
 w - 23 potions of curing
 B - 13 potions of heal wounds
 C - 3 potions of magic
 D - 6 potions of invisibility
 F - 7 potions of ambrosia
 K - 4 potions of cancellation
 M - 6 potions of might {@q3}
 N - 7 potions of brilliance
 O - a potion of resistance
 Q - 6 potions of haste
 V - 5 potions of berserk rage
 W - 13 potions of enlightenment
Miscellaneous
 h - a phial of floods
 v - a phantom mirror
 X - a tin of tremorstones (2/2)
 Y - a sack of spiders
 Z - a lightning rod (4/4)


   Skills:
 - Level 21.0 Fighting
 - Level 10.0 Short Blades
 - Level 18.0 Ranged Weapons
 - Level 2.0 Throwing
 - Level 4.0 Armour
 - Level 20.0 Dodging
 + Level 21.2 Stealth
 - Level 10.0 Spellcasting
 - Level 10.6 Conjurations
 - Level 13.0 Hexes
 * Level 15.7 Summonings
 - Level 8.0 Necromancy
 * Level 16.3 Translocations
 - Level 4.0 Air Magic
 - Level 10.0 Poison Magic
 - Level 19.0 Invocations
 + Level 18.3 Evocations


You couldn't memorise any spells.
You knew the following spells:

 Your Spells              Type           Power      Damage    Failure   Level
a - Blink                 Tloc           100%       N/A       0%          2
b - Manifold Assault      Tloc           85%        N/A       1%          4
c - Summon Cactus Giant   Summ           41%        N/A       1%          6
d - Anguish               Hex/Necr       33%        N/A       1%          4
e - Sigil of Binding      Hex            75%        N/A       1%          3
f - Summon Mana Viper     Hex/Summ       79%        N/A       1%          5
g - Fulminant Prism       Conj/Hex       36%        3d17      1%          4
h - Tukima's Dance        Hex            75%        N/A       1%          3
i - Iskenderun's Mystic   Conj/Tloc      77%        2d15      1%          4
j - Dimensional Bullseye  Hex/Tloc       40%        N/A       1%          4
k - Malign Gateway        Summ/Tloc      42%        N/A       4%          7

Your spell library contained the following spells:

 Spells                   Type           Power      Damage    Failure   Level
 Apportation              Tloc           100%       N/A       0%          1
 Call Imp                 Summ           100%       N/A       0%          2
 Foxfire                  Conj/Fire      100%       2x1d9     1%          1
 Kiss of Death            Conj/Necr      100%       2d13      1%          1
 Magic Dart               Conj           100%       1d8       1%          1
 Necrotise                Necr           100%       1d9       1%          1
 Shock                    Conj/Air       100%       1d9       1%          1
 Slow                     Hex            100%       N/A       1%          1
 Cigotuvi's Dreadful Rot  Necr/Pois/Air  100%       N/A       1%          2
 Ensorcelled Hibernation  Hex/Ice        100%       N/A       1%          2
 Jinxbite                 Hex            100%       N/A       1%          2
 Poisonous Vapours        Pois/Air       100%       N/A       1%          2
 Searing Ray              Conj           100%       2d8       1%          2
 Static Discharge         Conj/Air       100%       3-8/arc   1%          2
 Sublimation of Blood     Necr           58%        N/A       1%          2
 Confusing Touch          Hex            75%        N/A       1%          3
 Dazzling Flash           Conj/Hex       100%       N/A       1%          3
 Gell's Gravitas          Tloc           85%        N/A       1%          3
 Hailstorm                Conj/Ice       46%        3d11      1%          3
 Inner Flame              Hex/Fire       52%        N/A       1%          3
 Mephitic Cloud           Conj/Pois/Air  59%        N/A       1%          3
 Vampiric Draining        Necr           58%        2d10      1%          3
 Animate Armour           Summ/Erth      100%       N/A       1%          4
 Cause Fear               Hex            37%        N/A       1%          4
 Dispel Undead            Necr           58%        3d21      1%          4
 Olgreb's Toxic Radiance  Pois           66%        N/A       1%          4
 Passage of Golubria      Tloc           85%        N/A       1%          4
 Summon Ice Beast         Ice/Summ       58%        N/A       1%          4
 Summon Lightning Spire   Summ/Air       65%        N/A       1%          4
 Vhi's Electric Charge    Tloc/Air       100%       N/A       1%          4
 Dispersal                Tloc           42%        N/A       1%          6
 Ignite Poison            Fire/Tmut/Pois 34%        N/A       2%          3
 Silence                  Hex/Air        30%        N/A       2%          5
 Freeze                   Ice            60%        1d7       3%          1
 Agony                    Necr           58%        N/A       3%          5
 Scorch                   Fire           30%        2d6       4%          2
 Wereblood                Tmut           15%        N/A       4%          2
 Flame Wave               Conj/Fire      46%        2d12      4%          4
 Arcjolt                  Conj/Air       28%        1d38      4%          5
 Airstrike                Air            19%        2d(3-19)  6%          4
 Metabolic Englaciation   Hex/Ice        26%        N/A       6%          5
 Yara's Violent Unravell  Hex/Tmut       26%        3d11      6%          5
 Frozen Ramparts          Ice            30%        1d5       10%         3
 Ozocubu's Armour         Ice            15%        N/A       10%         3
 Fireball                 Conj/Fire      23%        3d11      11%         5
 Irradiate                Conj/Tmut      23%        3d19      11%         5
 Freezing Cloud           Conj/Ice/Air   22%        6-21      12%         5
 Enfeeble                 Hex            37%        N/A       13%         7
 Spellforged Servitor     Conj/Summ      38%        N/A       13%         7
 Death Channel            Necr           29%        N/A       19%         6
 Disjunction              Tloc           42%        N/A       26%         8
 Summon Horrible Things   Summ           41%        N/A       32%         8
 Starburst                Conj/Fire      23%        6d8       47%         6
 Lee's Rapid Deconstruct  Erth           7%         3d7*      63%         5
 Simulacrum               Ice/Necr       19%        N/A       65%         6
 Discord                  Hex            37%        N/A       67%         8
 Plasma Beam              Fire/Air       13%        2x1d24    89%         6
 Dragon's Call            Summ           41%        N/A       99%         9
 Ozocubu's Refrigeration  Ice            7%         4d9       100%        7
 Ignition                 Fire           7%         3d5       100%        8
 Infestation              Necr           29%        N/A       100%        8
 Lehudib's Crystal Spear  Conj/Erth      23%        10d6      100%        8
 Chain Lightning          Conj/Air       28%        3d37      100%        9
 Fire Storm               Conj/Fire      23%        8d6       100%        9
 Shatter                  Erth           7%         3d10*     100%        9


Dungeon Overview and Level Annotations

Branches:
Dungeon (15/15)            Temple (1/1) D:5            Lair (5/5) D:9
  Swamp (4/4) Lair:2        Snake (4/4) Lair:3        Slime (0/5) Lair:5
    Orc (2/2) D:11            Elf (3/3) Orc:2        Vaults (5/5) D:14
  Crypt (3/3) Vaults:3       Tomb (0/3) Crypt:3      Depths (4/4) D:15
    Zot (5/5) Depths:4     Bailey (visited)           IceCv (visited)
 WizLab (visited)

Altars:
Ashenzari
Cheibriados
Dithmenos
Elyvilon
Fedhas
Gozag
Hepliaklqana
Kikubaaqudgha
Makhleb
Nemelex Xobeh
Okawaru
Qazlal
Ru
Sif Muna
Trog
Uskayaw
Vehumet
Wu Jian
Xom
Yredelemnul
Zin
The Shining One
Jiyva

Shops:
D:11 [   Orc:2 (**(   Elf:1 *   Snake:3 *   Vaults:4 *[   Zot:1 *
Depths:3 ??(=

Portals:
Hell: Depths:1 Depths:2 Depths:3 Depths:4
Abyss: Depths:3
Pandemonium: Depths:2 Depths:4
Ziggurat: Depths:3

Annotations:
Lair:5 1 runed translucent door, exclusions: door and obsidian statue, PanSaczeczos's ghost, journeyman HuBe
Snake:3 Roxanne
Elf:2 3 runed translucent doors, exclusion: 5 doors
Vaults:1 exclusion: 2 doors
Vaults:2 exclusion: downstairs
Crypt:3 1 exclusion
Zot:1 1 transporter
Zot:5 2 exclusions


Innate Abilities, Weirdness & Mutations

Your life essence is reduced to manifest your ancestor. (-10% HP)
You are small and have problems with some larger weapons.
You are completely attuned to the shadows.
You have a pair of small antennae on your head.
You are partially covered in iridescent scales. (AC +2)
You are partially covered in large bone plates. (SH +4)
You are agile. (Dex +4, Str/Int -1)
Your natural rate of healing is unusually fast.


Message History

Bozena completely misses the Orb Guardian.
Bozena hits the Orb Guardian but does no damage.
Fire: b) +9 arbalest (heavy)
Press: ? - help, Q - select action, (/) - cycle Shift-Dir - straight line, f - Orb Guardian
Aim: an Orb Guardian (ally target, 75% to hit)
You shoot a bolt. Bozena avoids your attack.
The bolt hits the Orb Guardian.
The Orb Guardian is lightly wounded.
The Orb Guardian hits Bozena!
Bozena gestures at the Orb Guardian while chanting.
The Orb Guardian resists with almost no effort.
The Orb Guardian hits Bozena!!
Bozena hits the Orb Guardian with a +0 antimagic quick blade!
Bozena hits the Orb Guardian with a +0 antimagic quick blade!!
Fire: b) +9 arbalest (heavy)
Press: ? - help, Q - select action, (/) - cycle Shift-Dir - straight line, f/p - Orb Guardian
Aim: an Orb Guardian (heavily wounded, ally target, 75% to hit)
You shoot a bolt. Bozena avoids your attack.
The bolt closely misses the Orb Guardian.
The Orb Guardian closely misses Bozena.
Bozena gestures wildly while chanting.
Bozena seems to speed up.
The Orb Guardian hits Bozena!
Bozena hits the Orb Guardian with a +0 antimagic quick blade.
Bozena hits the Orb Guardian but does no damage.
Fire: b) +9 arbalest (heavy)
Press: ? - help, Q - select action, (/) - cycle Shift-Dir - straight line, f/p - Orb Guardian
Aim: an Orb Guardian (heavily wounded, ally target, 75% to hit)
You shoot a bolt. Bozena avoids your attack.
The bolt hits the Orb Guardian!!!
The Orb Guardian is almost dead.
Bozena hits the Orb Guardian with a +0 antimagic quick blade!
The Orb Guardian dies!
You swap places.
What level of the Dungeon? (default 1, ? - help)
There is a stone staircase leading up here.
You fly upwards.
There is a stone staircase leading down here.
You see here a +0 whip.
There is an open door here.
There is a staircase leading out of the dungeon here.
You have escaped!

▒·▒▒▒·▒·▒▒·▒·▒·▒▒▒▒▒▒▒▒·▒
▒·▒·····▒▒·▒··········▒·▒
▒·▒···▒▒▒▒·▒·▒·▒▒▒▒▒▒·▒·▒
▒·▒···▒ ▒·▒·▒·▒ ▒·▒·▒
▒·▒···▒▒▒▒·▒^▒·▒ ▒▒▒▒·▒·▒
▒·▒·)··········▒ ▒····▒·▒
▒·▒··▒▒▒▒▒▒▒▒▒▒▒ ▒▒▒▒▒▒·▒
▒·▒··▒▒♣♣♣♣♣♣♣♣♣♣♣▒·····▒
▒·▒·)·'·········@♣▒▒▒▒▒▒▒▒▒▒
▒·▒▒·▒▒♣P♣♣♣♣♣··R♣▒·[······▒
▒·····▒♣·♣♣P♣····♣▒▒▒▒▒▒▒▒·▒
▒▒▒▒·▒▒♣·♣P····♣·♣▒▒▒▒▒▒▒▒·▒
▒·▒
♣····⌠·P♣·♣▒·····▒▒·▒▒▒▒▒▒▒
▒·▒
♣♣♣····♣♣·♣▒▒············>·
▒·▒
♣♣···P♣·♣▒·▒▒▒·▒▒▒·▒▒▒▒▒·
▒▒▒▒▒·▒▒ ♣♣·♣♣♣·♣▒▒▒
▒··········▒ ···)···▒
♣·····♣ ▒··▒▒)▒▒····


You could see the friendly Bozena the hexer (fast).

Vanquished Creatures
  3 orbs of fire
  3 ancient liches
  A Killer Klown (Zot:5)
  8 golden dragons
  Nikola (Elf:2)
  A bone dragon (Depths:4)
  4 liches
  An Ice Fiend (Depths:2)
  7 tentacled monstrosities
  8 quicksilver dragons
  2 deep elf master archers (Elf:3)
  6 Orb Guardians (Zot:5)
  2 sphinxes
  Asterion (Elf:2)
  5 ancient champions
  5 death cobs
  An Executioner (D:14)
  9 storm dragons
  4 tengu reavers (Vaults:5)
  Aizul (Snake:4)
  A shadow dragon (shapeshifter) (Vaults:5)
  A revenant (Crypt:1)
  2 nagarajas (Snake:4)
  6 draconian knights
  10 fire giants
  4 shadow dragons
  3 draconian monks
  A thorn hunter (Swamp:2)
  4 draconian scorchers
  8 vault wardens
  2 ghost moths (Zot:2)
  Louise (Swamp:2)
  4 frost giants
  3 deep elf sorcerers (Elf:3)
  3 draconian shifters
  A balrug (Zot:3)
  2 deep elf elementalists (Elf:3)
  4 orc warlords
  A curse skull (Crypt:3)
  3 spriggan defenders
  A reaper (Crypt:3)
  2 draconian stormcallers
  6 ghouls
  2 draconian annihilators (Zot:1)
  13 ironbound preservers
  20 stone giants
  3 war gargoyles
  4 ironbound thunderhulks
  4 very ugly things
  A caustic shrike skeleton (Crypt:1)
  4 black draconians
  7 green draconians
  A lorocyproca (Depths:4)
  6 deep elf demonologists
  5 vampire knights
  2 bunyips
  7 spark wasps
  3 yellow draconians
  7 red draconians
  7 deep elf annihilators
  8 dire elephants
  11 purple draconians
  6 white draconians
  12 fire dragons
  7 jiangshi
  2 eidola
  14 ettins
  A crystal guardian (Vaults:4)
  3 deep elf death magi
  8 yaktaur captains
  An entropy weaver (Vaults:4)
  19 vault guards
  4 deep elf high priests
  3 rakshasas
  5 ice dragons
  A great orb of eyes (Vaults:2)
  11 hydras
  An ice dragon (shapeshifter) (Vaults:5)
  A peacekeeper (Vaults:4)
  3 spriggan air magi
  A spriggan skeleton (Crypt:2)
  3 ogre magi
  A catoblepas (shapeshifter) (Vaults:5)
  5 alligators
  3 salamander tyrants
  5 centaur warriors
  2 boulder beetles
  2 ghost crabs
  6 ironbound frosthearts
  6 anacondas
  3 death knights
  7 death yaks
  A fenstrider witch skeleton (Crypt:3)
  A two-headed ogre (D:8)
  8 dancing weapons
  8 naga warriors
  15 tengu warriors
  8 naga sharpshooters
  6 deep troll shamans
  4 vampire magi
  3 orc high priests
  An occultist (D:15)
  6 spriggan berserkers
  2 deep troll earth magi
  8 shock serpents
  A skyshark (shapeshifter) (Elf:3)
  6 iron trolls
  7 deep elf knights
  4 hell knights (Depths:1)
  A soul eater (Depths:2)
  A sun demon (Depths:2)
  A skyshark (Depths:2)
  A storm dragon zombie (Crypt:2)
  20 skeletal warriors
  2 spectral death yaks (Lair:5)
  A sea snake (Snake:3)
  51 deep trolls
  2 spriggan druids
  3 goliath frogs
  A death drake (shapeshifter) (Vaults:5)
  9 swamp dragons
  4 glowing orange brains
  A shadow demon (Depths:2)
  2 flayed ghosts
  A bunyip skeleton (Crypt:3)
  2 naga ritualists (Snake:3)
  A spriggan simulacrum (IceCv)
  3 bog bodies
  14 ironbound convokers
  4 arcanists
  7 lindwurms
  A shadow dragon zombie (Crypt:1)
  An iron giant skeleton (Crypt:3)
  A golden dragon skeleton (Crypt:1)
  9 necromancers
  15 deep elf archers
  19 deep elf pyromancers
  9 mana vipers
  12 orc knights
  12 phantasmal warriors
  25 deep elf zephyrmancers
  10 harpies
  A wolf spider (D:15)
  9 ugly things
  2 manticores (D:14)
  4 orc sorcerers (Orc:2)
  A guardian serpent (Snake:4)
  4 cyclopes
  11 elephants
  6 salamanders
  18 moths of wrath
  8 naga magi
  3 vault sentinels
  A black mamba (shapeshifter) (Vaults:5)
  An iron dragon skeleton (Depths:1)
  40 black mambas
  A fire giant skeleton (Depths:1)
  A stone giant skeleton (Crypt:1)
  A dire elephant skeleton (Lair:5)
  4 cane toads
  An eye of devastation (shapeshifter) (Vaults:5)
  2 rime drakes
  2 torpor snails
  30 yaktaurs
  4 komodo dragons
  2 spectral deep trolls (Crypt:2)
  A kobold demonologist (Bailey)
  An anaconda simulacrum (IceCv)
  18 freezing wraiths
  3 tengu conjurers
  A harpy zombie (Crypt:2)
  5 meliai
  2 trolls
  2 polar bears
  A wolf spider simulacrum (D:15)
  2 bloated husks (Swamp:1)
  5 alligator simulacra (IceCv)
  7 hornets
  A shadow dragon simulacrum (Depths:2)
  12 tyrant leeches
  A dream sheep (shapeshifter) (Vaults:5)
  A tengu simulacrum (Crypt:1)
  A human skeleton (Vaults:4)
  2 blink frogs
  A shadow (D:12)
  An ice dragon zombie (Crypt:2)
  A hydra skeleton (Crypt:2)
  2 glass eyes
  A flying skull (Crypt:3)
  Sigmund (D:6)
  18 slime creatures
  4 vampires
  A centaur simulacrum (D:15)
  A wyvern (shapeshifter) (D:14)
  7 wraiths
  8 spriggans
  A dire elephant simulacrum (IceCv)
  A ynoxinul (Depths:2)
  29 yaks
  A slime creature zombie (Crypt:2)
  2 wyverns
  An elf skeleton (Vaults:4)
  A fire elemental (Elf:2)
  4 redbacks
  Eustachio (D:6)
  5 basilisks
  2 steam dragons
  7 vampire mosquitoes
  A death yak simulacrum (Lair:5)
  14 humans (D:14)
  A human simulacrum (Vaults:4)
  3 minotaur simulacra (IceCv)
  4 harpy simulacra (IceCv)
  2 spectral cane toads (Lair:5)
  19 swamp worms
  A merfolk zombie (Crypt:3)
  2 wargs (Orc:2)
  31 nagas
  A two-headed ogre zombie (Crypt:2)
  10 water moccasins
  Duvessa (D:4)
  8 swamp drakes (Swamp:4)
  3 hydra simulacra (IceCv)
  A glowing shapeshifter skeleton (Depths:1)
  Pargi (D:4)
  3 ice beasts
  A sky beast (D:5)
  3 black bears
  23 orc warriors
  15 wolves
  3 ogres
  4 centaurs
  A phantom (D:5)
  A dream sheep skeleton (Crypt:3)
  A salamander zombie (Crypt:2)
  Blork the orc (D:6)
  2 kobold brigands
  6 earth elementals
  3 scorpions
  8 bullfrogs
  A gnoll sergeant (D:9)
  A deep troll simulacrum (IceCv)
  A cane toad simulacrum (Lair:5)
  A wyvern skeleton (Crypt:3)
  2 wights (D:10)
  9 hexers
  Dowan (D:4)
  6 killer bees
  4 lindwurm simulacra (IceCv)
  3 electric eels
  A howler monkey (D:7)
  3 lava snakes (Lair:3)
  A human zombie (Crypt:3)
  2 jellies (D:5)
  13 orc priests
  5 hounds
  A sleepcap (D:5)
  3 hell rats (Lair:1)
  4 iguanas
  Ijyb (D:4)
  14 orc wizards
  A boggart skeleton (D:15)
  2 gnolls (D:9)
  9 adders
  A shadow imp (D:6)
  2 white imps
  3 ufetubi (D:7)
  2 iguana skeletons (Crypt:3)
  A lava snake skeleton (Crypt:3)
  A worm (D:3)
  6 dart slugs
  50 orcs
  6 ball pythons
  8 endoplasms
  2 giant cockroaches
  15 goblins
  11 hobgoblins
  5 quokkas
  5 bats
  2 frilled lizards
  A hobgoblin zombie (Crypt:2)
  25 kobolds
  5 rats
  A rat zombie (Crypt:2)
  2 butterflies
1487 creatures vanquished.

Vanquished Creatures (collateral kills)
  4 dread liches
  2 ancient liches
  2 orbs of fire (Zot:5)
  Vv (Depths:2)
  the Lernaean hydra (Swamp:4)
  3 Killer Klowns (Zot:5)
  Bai Suzhen (Snake:3)
  2 golden dragons
  Norris (Depths:2)
  2 electric golems (Zot:5)
  5 tentacled monstrosities
  12 Orb Guardians
  3 titans (Vaults:5)
  A deep elf blademaster (Elf:3)
  4 quicksilver dragons
  4 liches
  An acid blob (shapeshifter) (Depths:3)
  2 tengu reavers
  An eldritch tentacle (Zot:5)
  2 death cobs
  4 storm dragons
  4 shadow dragons
  A revenant (Crypt:2)
  A draconian monk (Zot:5)
  4 deep elf sorcerers (Elf:3)
  2 draconian knights
  A nagaraja (Snake:4)
  4 frost giants
  7 vault wardens
  An iron dragon (Vaults:5)
  5 fire giants
  A balrug (Zot:3)
  2 curse skulls
  7 draconian shifters
  A spriggan defender (Depths:2)
  A draconian stormcaller (Zot:2)
  5 ironbound preservers
  A caustic shrike skeleton (Crypt:1)
  2 ghouls (Crypt:3)
  A formless jellyfish (Vaults:4)
  2 draconian annihilators (Zot:1)
  An ironbound thunderhulk (Vaults:5)
  A juggernaut skeleton (Depths:2)
  4 vampire knights
  7 very ugly things
  8 stone giants
  3 deep elf demonologists
  An eleionoma (Swamp:4)
  2 deep elf annihilators
  10 green draconians
  5 purple draconians
  3 yellow draconians
  A spark wasp (Depths:1)
  5 dire elephants
  5 black draconians
  A bunyip (Swamp:4)
  5 red draconians
  3 white draconians
  An eidolon (Crypt:3)
  2 ettins (Vaults:5)
  2 deep elf death magi
  4 fire dragons
  A jiangshi (Crypt:1)
  An entropy weaver (Vaults:4)
  2 yaktaur captains (Vaults:3)
  A deep elf high priest (Vaults:5)
  An entropy weaver (shapeshifter) (Vaults:5)
  12 vault guards
  3 salamander tyrants (Snake:4)
  A great orb of eyes (Vaults:3)
  7 hydras
  A spriggan skeleton (Depths:2)
  A hell beast (Depths:1)
  An alligator (Swamp:4)
  An ogre mage (Vaults:5)
  A boulder beetle (Lair:4)
  2 death knights
  An anaconda (Snake:4)
  5 spriggan air magi
  3 naga warriors
  4 ironbound frosthearts
  A sphinx skeleton (Depths:1)
  A catoblepas (Lair:5)
  3 centaur warriors
  A tengu warrior (Depths:3)
  A bennu zombie (Crypt:1)
  5 death yaks
  A dancing weapon (Elf:3)
  2 two-headed ogres
  4 deep troll shamans
  A hell hog (Depths:1)
  An orc high priest (Orc:2)
  2 hell knights
  4 deep troll earth magi
  2 vampire magi (Crypt:1)
  2 soul eaters
  3 naga sharpshooters
  The ghost of MrCrawl the Thaumaturge, a novice DrFE of Vehumet (D:10)
  A shock serpent (Snake:4)
  4 deep elf knights
  4 spriggan berserkers
  6 skeletal warriors
  A bunyip zombie (Crypt:1)
  A sea snake (Snake:3)
  An iron troll (Depths:4)
  A death drake (Swamp:4)
  A spriggan druid (Swamp:3)
  19 deep trolls
  A quicksilver dragon simulacrum (Depths:1)
  A spectral anaconda (Lair:5)
  A glowing orange brain (Depths:2)
  2 skysharks
  2 flayed ghosts
  2 swamp dragons (Swamp:4)
  A naga ritualist (Snake:3)
  3 bog bodies
  An ironbound convoker (Vaults:3)
  A spriggan simulacrum (Depths:2)
  4 deep elf pyromancers
  A lindwurm (Vaults:2)
  2 harpies (Vaults:2)
  2 phantasmal warriors
  6 necromancers
  2 deep elf archers
  5 orc knights
  A manticore (D:14)
  A manticore (shapeshifter) (Vaults:5)
  4 orc sorcerers
  2 mana vipers
  11 deep elf zephyrmancers
  10 ugly things
  A cyclops (D:14)
  2 salamanders (Snake:2)
  A will-o-the-wisp (Swamp:1)
  18 elephants
  2 vault sentinels
  3 moths of wrath
  7 black mambas
  2 guardian serpents
  2 naga magi
  A dire elephant zombie (Crypt:2)
  A large abomination (D:14)
  A dire elephant skeleton (Crypt:1)
  4 cane toads
  An unseen horror (D:8)
  2 rime drakes
  4 yaktaurs
  An anaconda simulacrum (IceCv)
  A kobold demonologist (D:13)
  3 komodo dragons
  A spectral deep troll (Crypt:2)
  2 freezing wraiths
  An ice devil (IceCv)
  3 tengu conjurers
  A hydra zombie (Crypt:1)
  A meliai (D:13)
  A bloated husk (Swamp:1)
  4 hornets
  5 blink frogs
  An ettin zombie (Crypt:1)
  A tyrant leech (Swamp:1)
  A harpy skeleton (D:15)
  A spriggan zombie (Depths:1)
  A tarantella (Vaults:4)
  18 slime creatures
  An air elemental (Elf:2)
  4 spriggans
  A water elemental (Elf:3)
  7 wraiths
  2 wyverns
  A dire elephant simulacrum (IceCv)
  5 humans (D:14)
  A death yak simulacrum (Lair:5)
  A fire elemental (Elf:3)
  15 yaks
  3 vampire mosquitoes
  A swamp worm (Swamp:2)
  A steam dragon (D:7)
  A spectral cane toad (Lair:5)
  5 nagas
  2 water moccasins
  2 swamp drakes (Swamp:4)
  4 ice beasts (D:9)
  2 black bears
  13 orc warriors
  A human zombie (Vaults:4)
  7 wolves
  2 ogres
  An elephant skeleton (Crypt:1)
  A lindwurm skeleton (Crypt:3)
  A phantom (D:5)
  A kobold brigand (D:8)
  5 bullfrogs
  2 necrophages
  A scorpion (D:6)
  A wight (D:10)
  7 killer bees
  A howler monkey (D:5)
  3 orc priests (Orc:2)
  2 hounds (D:6)
  An iguana (D:7)
  10 orc wizards
  3 hell rats (Lair:1)
  A deep dwarf skeleton (Crypt:1)
  4 gnolls
  A shadow imp (D:8)
  A white imp (D:6)
  An ufetubus (D:7)
  A jelly zombie (Crypt:2)
  22 orcs
  4 hobgoblins (Bailey)
  A goblin (Bailey)
  10 kobolds
  2 butterflies
643 creatures vanquished.

Vanquished Creatures (others)
  14 eldritch tentacles
  An orc warlord (Vaults:4)
  A vault guard (Vaults:3)
  3 deep trolls
  An orc knight (Vaults:4)
  4 bloated husks
  2 dancing weapons
  74 hexers
  5 ancestors (D:6)
  2 foxfires (Swamp:1)
107 creatures vanquished.

Grand Total: 2237 creatures vanquished

Notes
Turn   | Place    | Note
-------+----------+-------------------------------------------
     0 | D:5      | PanSaczeczos the Kobold Delver began the quest for the Orb.
     0 | D:5      | Reached XP level 1. HP: 14/14 MP: 1/1
   120 | D:4      | Found a shimmering blue altar of Sif Muna.
   364 | D:1      | Reached XP level 2. HP: 18/19 MP: 2/2
   645 | D:1      | Reached skill level 1 in Ranged Weapons
   673 | D:1      | Reached XP level 3. HP: 24/24 MP: 3/3
  1176 | D:2      | Identified the +2 leather armour "Ramiunib" {rN+ rCorr
                  | Dex+3}
  1298 | D:2      | Reached XP level 4. HP: 29/29 MP: 4/4
  1512 | D:2      | Reached skill level 1 in Evocations
  2085 | D:3      | Reached XP level 5. HP: 33/33 MP: 5/5
  2326 | D:3      | Found a glowing silver altar of Zin.
  2795 | D:4      | Identified the +5 ring mail of Imei {rF- MP+9 Str+2 Stlth+}
  2939 | D:4      | Noticed Ijyb
  2942 | D:4      | Killed Ijyb
  2943 | D:4      | Reached skill level 5 in Fighting
  3026 | D:4      | Reached XP level 6. HP: 37/40 MP: 6/6
  3170 | D:4      | Found a white marble altar of Elyvilon.
  3296 | D:4      | Noticed Pargi
  3304 | D:4      | Noticed Duvessa
  3313 | D:4      | Killed Duvessa
  3316 | D:4      | Noticed Dowan
  3319 | D:4      | Killed Pargi
  3320 | D:4      | Reached XP level 7. HP: 41/44 MP: 7/7
  3337 | D:4      | HP: 2/44 [Dowan/shard of ice (24)]
  3338 | D:4      | Killed Dowan
  3339 | D:4      | Reached skill level 5 in Evocations
  3878 | D:5      | Found a staircase to the Ecumenical Temple.
  3887 | Temple   | Entered the Ecumenical Temple
  3898 | Temple   | Became a worshipper of Hepliaklqana the Forgotten
  3968 | D:5      | Found a sacrificial altar of Ru.
  4310 | D:5      | Reached XP level 8. HP: 51/51 MP: 8/8
  4648 | D:5      | Reached * piety under Hepliaklqana
  5074 | D:6      | Reached skill level 5 in Ranged Weapons
  5140 | D:6      | Found an iron altar of Okawaru.
  5308 | D:6      | Noticed Eustachio
  5420 | D:6      | Reached skill level 5 in Short Blades
  5563 | D:6      | Noticed Blork the orc
  5570 | D:6      | Killed Blork the orc
  5604 | D:6      | Found a shadowy altar of Dithmenos.
  5660 | D:6      | Reached XP level 9. HP: 51/51 MP: 9/9
  5674 | D:6      | Noticed Sigmund
  5707 | D:6      | Reached skill level 10 in Stealth
  5707 | D:6      | Reached skill level 1 in Invocations
  5804 | D:6      | Killed Sigmund
  6095 | D:6      | Reached skill level 5 in Dodging
  6224 | D:6      | Found an ornate altar of the Wu Jian Council.
  7237 | D:7      | Reached ** piety under Hepliaklqana
  7238 | D:7      | Remembered your ancestor Bozena as a hexer
  7314 | D:7      | Found a stormy altar of Qazlal.
  7373 | D:7      | Reached XP level 10. HP: 59/59 MP: 11/11
  7747 | D:7      | Found a snail-covered altar of Cheibriados.
  8592 | D:8      | Noticed a two-headed ogre
  8704 | D:8      | Killed a two-headed ogre
  8983 | D:8      | Killed an unseen horror
  9104 | D:8      | Reached skill level 10 in Fighting
  9496 | D:9      | Reached *** piety under Hepliaklqana
  9518 | D:9      | Found a flagged portal.
  9527 | Bailey   | Entered a bailey
  9670 | Bailey   | Reached XP level 11. HP: 61/64 MP: 14/14
 10040 | Bailey   | Noticed an orc high priest
 10059 | Bailey   | Killed an orc high priest
 10072 | Bailey   | Found an iron altar of Okawaru.
 10078 | Bailey   | Reached skill level 5 in Invocations
 10769 | D:9      | Noticed a centaur warrior
 10778 | D:9      | Killed a centaur warrior
 11003 | D:9      | Found an ancient bone altar of Kikubaaqudgha.
 11747 | D:9      | Found a staircase to the Lair.
 12065 | D:9      | Acquired the staff "Vanitzil" {rElec rC+ rCorr Ice}
 12068 | Lair:1   | Entered Level 1 of the Lair of Beasts
 12163 | Lair:1   | Reached skill level 10 in Ranged Weapons
 12467 | Lair:1   | Reached **** piety under Hepliaklqana
 12632 | Lair:1   | Reached XP level 12. HP: 72/72 MP: 16/16
 13164 | Lair:1   | Identified the +1 leather armour "Fizuekh" {Str+3 Stlth+}
 14016 | Lair:1   | Reached skill level 10 in Dodging
 14096 | Lair:2   | Learned a level 2 spell: Blink
 14581 | Lair:2   | Noticed a seven-headed hydra
 14591 | Lair:2   | Reached skill level 1 in Spellcasting
 14591 | Lair:2   | Reached skill level 1 in Translocations
 14682 | Lair:2   | Found a staircase to the Swamp.
 14822 | Lair:2   | Noticed a five-headed hydra
 15131 | Lair:2   | Killed a five-headed hydra
 15933 | Lair:2   | Killed a seven-headed hydra
 16000 | Lair:3   | Noticed a death yak
 16285 | Lair:3   | You fall into a shaft and drop 1 floor!
 16339 | Lair:4   | Reached XP level 13. HP: 55/77 MP: 18/18
 16879 | Lair:3   | Learned a level 2 spell: Ensorcelled Hibernation
 16976 | Lair:3   | Reached skill level 1 in Hexes
 17126 | Lair:4   | Reached ***** piety under Hepliaklqana
 17201 | Lair:4   | Reached skill level 5 in Translocations
 17891 | Lair:4   | Noticed a four-headed hydra
 18265 | Lair:4   | Killed a four-headed hydra
 18266 | Lair:4   | Reached skill level 5 in Hexes
 19179 | Lair:5   | Entered Level 5 of the Lair of Beasts
 19201 | Lair:4   | Reached XP level 14. HP: 67/84 MP: 20/20
 19516 | Lair:5   | Reached skill level 1 in Armour
 19681 | Lair:5   | Learned a level 2 spell: Jinxbite
 19907 | Lair:5   | Found a staircase to the Slime Pits.
 19907 | Lair:5   | Found a viscous altar of Jiyva.
 20232 | Lair:5   | Learned a level 4 spell: Anguish
 20469 | Lair:4   | Reached skill level 1 in Necromancy
 20841 | Lair:4   | Reached skill level 5 in Spellcasting
 21234 | Lair:5   | Found a runed translucent door.
 21239 | Lair:5   | Noticed PanSaczeczos's ghost (journeyman HuBe)
 21847 | Lair:5   | Noticed a dire elephant
 21857 | Lair:5   | Killed a dire elephant
 21920 | Lair:5   | Noticed a dire elephant
 21921 | Lair:5   | Noticed a dire elephant
 21927 | Lair:5   | Noticed a dire elephant
 21932 | Lair:5   | Killed a dire elephant
 22104 | Lair:5   | Noticed a dire elephant
 22104 | Lair:5   | Noticed a dire elephant
 22323 | Lair:5   | Killed a dire elephant
 22598 | Lair:5   | Killed a dire elephant
 22637 | Lair:5   | Killed a dire elephant
 22729 | Lair:5   | Killed a dire elephant
 22901 | Lair:5   | Reached skill level 5 in Necromancy
 22901 | Lair:5   | Reached XP level 15. HP: 87/89 MP: 22/22
 23384 | D:10     | Entered Level 10 of the Dungeon
 23646 | D:10     | Learned a level 3 spell: Sigil of Binding
 23790 | D:10     | Found a transporter.
 23803 | D:10     | Found a transporter.
 24021 | D:10     | Found a radiant altar of Vehumet.
 24414 | D:11     | Found a staircase to the Orcish Mines.
 24429 | D:11     | Found Atygawin's Armour Shop.
 25153 | Orc:1    | Entered Level 1 of the Orcish Mines
 25261 | Orc:2    | Entered Level 2 of the Orcish Mines
 25378 | Orc:2    | Learned a level 3 spell: Mephitic Cloud
 25382 | Orc:2    | Noticed an orc warlord
 25414 | Orc:2    | Killed an orc warlord
 25927 | Orc:2    | Found a staircase to the Elven Halls.
 26081 | Orc:2    | Reached ****** piety under Hepliaklqana
 26144 | Orc:2    | Reached skill level 1 in Conjurations
 26458 | Orc:2    | Reached skill level 1 in Poison Magic
 26498 | Orc:2    | Reached skill level 1 in Air Magic
 27379 | Orc:2    | Found Quuperph's Weapon Boutique.
 27383 | Orc:2    | Found Siehe's Assorted Antiques.
 27391 | Orc:2    | Found Rilolar's Weapon Emporium.
 27393 | Orc:2    | Found Remos's General Store.
 27758 | Orc:2    | Bought the +10 dagger "Arbiter" {heavy, rN++ Will++ Str-3}
                  | for 945 gold pieces
 27770 | Orc:2    | Bought a potion of haste for 150 gold pieces
 27770 | Orc:2    | Bought a potion of cancellation for 120 gold pieces
 27770 | Orc:2    | Bought a potion of heal wounds for 75 gold pieces
 28412 | D:13     | HP: 22/90 [meliai/+0 double sword (11)]
 29453 | D:13     | Identified the +1 leather armour of the Sturgeon {Int+3}
 30684 | D:14     | Reached XP level 16. HP: 89/95 MP: 23/23
 31469 | D:14     | Reached skill level 10 in Invocations
 31632 | D:14     | Found a gate to the Vaults.
 31724 | D:15     | Entered Level 15 of the Dungeon
 33408 | D:15     | Found a staircase to the Depths.
 35480 | Lair:3   | Found a staircase to the Snake Pit.
 35498 | Snake:1  | Entered Level 1 of the Snake Pit
 35503 | Snake:1  | Reached skill level 5 in Conjurations
 35737 | Orc:2    | Bought the +9 orcbow of Fyraust Kugu {flame, rElec rN+} for
                  | 903 gold pieces
 36525 | Snake:1  | Reached XP level 17. HP: 73/99 MP: 24/26
 36612 | Snake:2  | Found a frozen archway.
 36629 | IceCv    | Entered an ice cave
 37104 | IceCv    | Identified the +1 pair of boots of Honesty {Rampage Fly
                  | Str+8}
 37464 | IceCv    | Found an ancient bone altar of Kikubaaqudgha.
 37584 | IceCv    | Got Sif Muna's Essays on Evil Glaciation
 37585 | IceCv    | Noticed a lich
 37888 | IceCv    | Killed a lich
 38578 | Snake:2  | Identified the +5 falchion of Trauma {freeze, Will+ Stlth+}
 39900 | Snake:3  | Reached skill level 10 in Hexes
 40113 | Snake:2  | Reached skill level 10 in Short Blades
 40230 | Snake:3  | Reached skill level 15 in Fighting
 40396 | Snake:3  | Found Huetac's Overcharged Wands.
 40405 | Snake:3  | Noticed Roxanne
 40952 | Snake:3  | Identified the dragon-blood talisman of the Battered People
                  | {rF++ Int-2 Dex+4}
 40952 | Snake:3  | Noticed Bai Suzhen
 41097 | Swamp:1  | Entered Level 1 of the Swamp
 41110 | Swamp:1  | Learned a level 4 spell: Fulminant Prism
 41172 | Swamp:1  | Reached XP level 18. HP: 107/107 MP: 27/27
 42011 | Swamp:2  | Learned a level 4 spell: Olgreb's Toxic Radiance
 42286 | Swamp:2  | Reached skill level 15 in Stealth
 42456 | Swamp:2  | Noticed Louise
 42459 | Swamp:2  | Killed Louise
 43250 | Swamp:3  | Reached skill level 5 in Poison Magic
 43592 | Swamp:3  | Identified the +5 lajatang "Fuabbyfa" {vamp, Contam rN++
                  | Dex+4 SInv}
 43833 | Swamp:4  | Entered Level 4 of the Swamp
 45080 | Swamp:4  | Noticed the 27-headed Lernaean hydra
 45602 | Snake:3  | Killed Bai Suzhen
 45900 | Snake:4  | Entered Level 4 of the Snake Pit
 46773 | Snake:4  | Reached XP level 19. HP: 112/112 MP: 28/28
 47059 | Snake:4  | Learned a level 3 spell: Tukima's Dance
 47586 | Snake:4  | Identified the serpent talisman of the Merwolf {rElec MP+9
                  | Slay+2}
 47586 | Snake:4  | Noticed Aizul
 47596 | Snake:4  | Killed Aizul
 49194 | Snake:4  | Got a serpentine rune of Zot
 49901 | Orc:2    | Bought a phantom mirror for 1000 gold pieces
 50856 | Swamp:4  | Killed the 27-headed Lernaean hydra
 51008 | Swamp:4  | Got a decaying rune of Zot
 51786 | Elf:1    | Entered Level 1 of the Elven Halls
 52475 | Elf:1    | Learned a level 4 spell: Iskenderun's Mystic Blast
 52509 | Elf:1    | You are sucked into a shaft and drop 1 floor!
 52518 | Elf:2    | Found Bogybis's Vocational Training.
 52611 | Elf:1    | Found a portal to a secret trove of treasure.
 52867 | Elf:1    | Got the Handbook of Striking
 52888 | Elf:1    | Found Hen Niuc's General Store.
 52893 | Elf:1    | Bought a scroll of identify for 24 gold pieces
 52893 | Elf:1    | Bought a scroll of identify for 24 gold pieces
 52893 | Elf:1    | Bought a scroll of vulnerability for 48 gold pieces
 53103 | Elf:1    | Reached skill level 10 in Evocations
 53747 | Elf:2    | Reached XP level 20. HP: 118/118 MP: 30/30
 54657 | Elf:2    | Noticed Nikola
 54671 | Elf:2    | Killed Nikola
 54672 | Elf:2    | Reached skill level 15 in Ranged Weapons
 54798 | Elf:2    | Noticed Asterion
 54803 | Elf:2    | Killed Asterion
 55597 | Elf:2    | Found a runed translucent gate.
 55597 | Elf:2    | Found a runed translucent gate.
 55597 | Elf:2    | Found a runed translucent gate.
 55836 | Elf:3    | Entered Level 3 of the Elven Halls
 57604 | Elf:3    | Reached skill level 10 in Conjurations
 57896 | Elf:3    | Identified the ring "Hunosep" {rPois rC++}
 58277 | Elf:3    | Identified the +8 halberd "Tigooled" {flame, MP+9 Dex+2}
 58277 | Elf:3    | Identified the +4 leather armour "Joera" {rPois Int-2
                  | Slay+3}
 58277 | Elf:3    | Identified the ring of Latsox {Will+ SInv}
 58400 | Elf:3    | Got Jihosh's Elucidation of Hexes
 58412 | Elf:3    | Got Qeserat's Quarto of Trauma and Ashes
 58976 | D:11     | Learned a level 4 spell: Manifold Assault
 59070 | Vaults:1 | Entered Level 1 of the Vaults
 59167 | Vaults:1 | Reached XP level 21. HP: 125/125 MP: 32/32
 59641 | Elf:1    | You paid a toll of 4 scrolls of blinking to enter a
                  | treasure trove
 59642 | Trove    | Entered a treasure trove
 59650 | Trove    | Identified the +2 ring mail of Gravity {rCorr}
 59655 | Trove    | Identified the +1 ring mail "Pulats" {Rampage Str+2 SInv}
 59660 | Trove    | Identified the +1 pair of boots "Sinareif" {rPois rN+++
                  | Str-5 SInv}
 59661 | Trove    | Identified the amulet "Rikiu" {-Cast rPois rC+++ Regen+
                  | Stlth+}
 59665 | Trove    | Identified the ring "Zeucunow" {rF+ rC++ Will+ SInv}
 59669 | Trove    | Identified the amulet "Wit Gepy" {rElec Regen+}
 59678 | Trove    | Identified the +0 cloak "Ymydoiry" {rC+ Will- Str+3 Int+3}
 59687 | Trove    | Identified the +16 crystal plate armour of Integrity {rPois
                  | Str+4 Int-4 Dex+5}
 62082 | Vaults:1 | Reached skill level 10 in Poison Magic
 65821 | Vaults:3 | Reached XP level 22. HP: 130/130 MP: 29/34
 66014 | Vaults:3 | Found a staircase to the Crypt.
 68315 | Elf:2    | Bought a manual of Invocations for 1280 gold pieces
 68589 | Vaults:4 | Found Nitigota's Assorted Antiques.
 69210 | Vaults:4 | Found Elutywah's Armour Shoppe.
 69413 | Vaults:4 | Reached XP level 23. HP: 136/136 MP: 35/35
 69414 | Vaults:4 | Reached XP level 24. HP: 141/141 MP: 35/35
 70456 | Vaults:4 | Found the ring of the Mage {Wiz Archmagi}
 70865 | Vaults:3 | Learned a level 4 spell: Dimensional Bullseye
 70866 | Crypt:1  | Entered Level 1 of the Crypt
 71167 | Crypt:1  | Reached skill level 15 in Dodging
 71679 | Crypt:1  | Reached XP level 25. HP: 146/146 MP: 36/36
 71751 | Vaults:3 | Learned a level 5 spell: Summon Mana Viper
 72388 | Crypt:2  | Found a magical portal.
 72393 | WizLab   | Entered Wucad Mu's Monastery
 73655 | Crypt:3  | Entered Level 3 of the Crypt
 74615 | Crypt:3  | Found a staircase to the Tomb.
 74907 | Crypt:3  | Noticed an ancient lich
 74912 | Crypt:3  | Identified the ring of Miracles {Will++ Int-4 Slay+4 SInv}
 75398 | Crypt:3  | Noticed an ancient lich
 75614 | Crypt:3  | Killed an ancient lich
 75615 | Crypt:3  | Killed an ancient lich
 75630 | Crypt:3  | Identified the ring of Namuomux {Fire rN+ rCorr Str+2
                  | Dex-3}
 75641 | Crypt:3  | Identified the +7 plate armour of Ruaf {Int+5 Dex+2}
 75645 | Crypt:3  | Identified the +7 hand axe "Sosyonab" {heavy, rElec rF++
                  | rCorr Int-4}
 76354 | D:6      | Killed Eustachio
 76429 | D:6      | Found a shadowy altar of Dithmenos.
 76574 | D:6      | Found an iron altar of Okawaru.
 76580 | D:6      | Found an ornate altar of the Wu Jian Council.
 76969 | D:10     | Noticed MrCrawl's ghost (novice DrFE)
 76969 | D:10     | Killed MrCrawl's ghost
 76970 | D:10     | Reached skill level 10 in Translocations
 76971 | D:10     | Found a bloodstained altar of Trog.
 77143 | Depths:1 | Entered Level 1 of the Depths
 77320 | Depths:1 | Found a gateway to Hell.
 77442 | Depths:1 | Reached skill level 15 in Invocations
 78014 | Depths:1 | Reached XP level 26. HP: 153/153 MP: 23/36
 78139 | Depths:1 | Found a broken altar of Ashenzari.
 79299 | Depths:2 | Noticed Vv
 79307 | Depths:2 | Killed Vv
 79644 | Depths:2 | Found a one-way gate leading to the halls of Pandemonium.
 80466 | Depths:2 | Noticed Norris
 80470 | Depths:2 | Killed Norris
 80518 | Depths:2 | Identified the +1 scale mail "Xang" {rF+}
 81101 | Depths:3 | Found Qyho's Magic Scroll Emporium.
 81710 | Depths:3 | Found a white marble altar of Elyvilon.
 81710 | Depths:3 | Found a radiant altar of Vehumet.
 81712 | Depths:3 | Found a bloodstained altar of Trog.
 81712 | Depths:3 | Found a shimmering blue altar of Sif Muna.
 81966 | Depths:3 | Found a one-way gate to the infinite horrors of the Abyss.
 81995 | Depths:3 | Found Cannasi's Magic Scroll Boutique.
 81996 | Depths:3 | Found Yhinen's Antique Weapon Shop.
 81997 | Depths:3 | Found Noraog's Jewellery Boutique.
 82004 | Depths:3 | Bought the amulet of the Rose {Acrobat Fly Will+ rCorr} for
                  | 855 gold pieces
 82648 | Depths:3 | Found a one-way gateway to a ziggurat.
 82849 | Depths:3 | Reached skill level 10 in Summonings
 83194 | Depths:4 | Entered Level 4 of the Depths
 83253 | Depths:4 | Reached XP level 27. HP: 159/159 MP: 34/36
 84318 | Depths:4 | Found a gate to the Realm of Zot.
 85202 | Vaults:5 | Entered Level 5 of the Vaults
 85686 | Vaults:5 | Noticed a dread lich
 85687 | Vaults:5 | Killed a dread lich
 86105 | Vaults:5 | Identified the +9 hand axe "Murmur" {freeze, Str+2 SInv}
 86803 | Vaults:5 | Identified the +0 leather armour "Lareb" {Int+6 Dex-2}
 86820 | Vaults:5 | Reached skill level 10 in Spellcasting
 86843 | Vaults:5 | Learned a level 7 spell: Malign Gateway
 87615 | Vaults:5 | Got the Octavo of Noxious Cold
 87653 | Vaults:5 | Identified the +0 scale mail of Protective Custody {rCorr
                  | Str+3 Dex+3 Stlth+}
 87762 | Vaults:5 | Identified the staff of Crusades {Fragile rF+ rN+ Will+
                  | Int+2 Fire}
 87898 | Vaults:5 | Got the Teachings on Shifting Nephomancy
 87959 | Vaults:5 | Got a silver rune of Zot
 88024 | Vaults:5 | Identified the +1 helmet of Polytheism {+Blink Dex-4
                  | Slay+3}
 89014 | Orc:2    | Bought a potion of mutation for 120 gold pieces
 89789 | Depths:3 | Bought a scroll of teleportation for 57 gold pieces
 89789 | Depths:3 | Bought a scroll of revelation for 142 gold pieces
 90120 | Elf:2    | Bought a manual of Evocations for 1280 gold pieces
 90458 | Zot:1    | Entered Level 1 of the Realm of Zot
 90691 | Vaults:4 | Bought a scroll of revelation for 285 gold pieces
 91210 | Depths:3 | Bought a scroll of amnesia for 76 gold pieces
 91218 | Depths:3 | Learned a level 6 spell: Summon Cactus Giant
 91271 | Zot:1    | Found Nuabul's Changing Room.
 91764 | Zot:1    | Found a transporter.
 92781 | Zot:1    | Found a transporter.
 93607 | Zot:2    | Reached skill level 15 in Evocations
 97254 | Zot:3    | Reached skill level 1 in Throwing
 97586 | Zot:3    | Noticed an orb of fire
 97591 | Zot:3    | Killed an orb of fire
 99793 | Zot:5    | Entered Level 5 of the Realm of Zot
100650 | Zot:5    | Reached skill level 15 in Translocations
101050 | Zot:5    | Noticed an orb of fire
101055 | Zot:5    | Killed an orb of fire
101110 | Zot:5    | Noticed an orb of fire
101120 | Zot:5    | Killed an orb of fire
101159 | Zot:5    | Noticed an ancient lich
101162 | Zot:5    | Killed an ancient lich
101261 | Zot:5    | Noticed an ancient lich
101263 | Zot:5    | Killed an ancient lich
101391 | Zot:5    | Noticed a dread lich
101396 | Zot:5    | Killed a dread lich
101559 | Zot:5    | Noticed an ancient lich
101565 | Zot:5    | Killed an ancient lich
101633 | Zot:5    | Noticed an orb of fire
101950 | Zot:5    | Killed an orb of fire
101951 | Zot:5    | Noticed a dread lich
101953 | Zot:5    | Killed a dread lich
102195 | Zot:5    | Noticed a dread lich
102201 | Zot:5    | Killed a dread lich
102202 | Zot:5    | Reached skill level 15 in Summonings
102285 | Zot:5    | Noticed an orb of fire
102286 | Zot:5    | Gained mutation: You do not regenerate when monsters are
                  | visible. [an orb of fire]
102294 | Zot:5    | Killed an orb of fire
102297 | Zot:5    | Noticed a Killer Klown
102303 | Zot:5    | Killed a Killer Klown
102376 | Zot:5    | Lost mutation: You do not regenerate when monsters are
                  | visible. [potion of mutation]
102376 | Zot:5    | Gained mutation: Your spells are a little harder to cast,
                  | but a little more powerful. [potion of mutation]
102376 | Zot:5    | Gained mutation: Your body sometimes deteriorates upon
                  | taking damage. [potion of mutation]
102376 | Zot:5    | Gained mutation: You are partially covered in iridescent
                  | scales. (AC +2) [potion of mutation]
102377 | Zot:5    | Lost mutation: Your body sometimes deteriorates upon taking
                  | damage. [potion of mutation]
102377 | Zot:5    | Lost mutation: Your spells are a little harder to cast, but
                  | a little more powerful. [potion of mutation]
102377 | Zot:5    | Gained mutation: You are agile. (Dex +4, Str/Int -1)
                  | [potion of mutation]
102377 | Zot:5    | Gained mutation: You are partially covered in large bone
                  | plates. (SH +4) [potion of mutation]
102377 | Zot:5    | Gained mutation: Your natural rate of healing is unusually
                  | fast. [potion of mutation]
102377 | Zot:5    | Gained mutation: You have a pair of small antennae on your
                  | head. [potion of mutation]
103195 | Depths:3 | Bought a scroll of noise for 19 gold pieces
104412 | Zot:5    | Noticed a Killer Klown
104416 | Zot:5    | Killed a Killer Klown
104476 | Zot:5    | Noticed a Killer Klown
104479 | Zot:5    | Killed a Killer Klown
104516 | Zot:5    | Noticed a Killer Klown
104521 | Zot:5    | Killed a Killer Klown
104800 | Zot:5    | Got the Orb of Zot
105351 | D:$      | Escaped with the Orb!

Illustrated notes

Levels and vault maps discovered:
D:1:      psy_arrival_fountain, layout_loops_ring
D:2:      layout_loops_ring
D:3:      layout_loops_ring, zin_academy, serial_bayou, serial_bayou_crossing,
          serial_bayou_ford_a, serial_bayou_shore_b, serial_bayou_lagoon_b,
          serial_bayou_pond_d
D:4:      layout_loops_ring, elyvilon_altar_1, mainiacjoe_overflow_tiny_flanked,
          uniq_pargi, uniq_duvessa, uniq_ijyb
D:5:      layout_loops_ring, old_standard_altar, minmay_temple_entry_grid,
          serial_rivers, chequers_serial_rivers_small_a,
          chequers_serial_rivers_micro_b, chequers_serial_rivers_small_b,
          chequers_serial_rivers_room_a, chequers_serial_rivers_room_a,
          chequers_serial_rivers_large_b, nicolae_ossuary_entry_ruins
D:6:      cheibrodos_barr_body, layout_basic, grunt_temple_overflow_open,
          mainiacjoe_overflow_cross_hatched, uniq_eustachio, uniq_blork_the_orc,
          uniq_sigmund
D:7:      layout_basic, nicolae_overflow_crystal_walls,
          mainiacjoe_overflow_concentric_impassable,
          hangedman_abyss_or_decor_passed, hangedman_decor_diamond_cutter,
          nicolae_the_louvre
D:8:      layout_basic
D:9:      layout_long_grid, mainiacjoe_overflow_paths, hellmonk_lair_entry_icy,
          enter_bailey_6, minivault_19
D:10:     layout_roguey, mainiacjoe_overflow_alcove_2,
          gammafunk_ghost_wrathful_warriors
D:11:     layout_long_grid, orc_david_3
D:12:     layout_gridville
D:13:     layout_small_grid, hangedman_decor_lopped
D:14:     layout_loops_ring, grunt_vaults_entry_tiered, minmay_three_doors
D:15:     grunt_enter_depths_magical_seal, layout_basic, serial_glass,
          glass_columns_a, glass_columns_a, minmay_strange_pillars,
          minmay_fractal_squares_5
Temple:   jpeg_temple_clearing
Lair:1:   layout_layer_cave, lemuel_fruit_tree, lemuel_fruit_fields
Lair:2:   layout_loops_ring, swamp_mist, enter_volcano_1,
          chequers_serial_rivers_room_b
Lair:3:   layout_roguey, nicolae_snake_entry_warm_welcome, lemuel_fruit_fields
Lair:4:   layout_regular_city, infiniplex_staircase_pool
Lair:5:   due_jungle_book, layout_big_grid, slime_entry_1,
          ebering_ghost_inner_flame, serial_bayou_shore_a
Swamp:1:  layout_basic_swamp, hangedman_swamp_ruin_hall, swamp_pool_1_2
Swamp:2:  layout_falls_marsh, evilmike_swamp_ruin_house_1,
          infiniplex_staircase_pool_2, uniq_louise
Swamp:3:  layout_falls_marsh, evilmike_swamp_ruin_house_4, swamp_pool_1_2,
          worms_lemuel
Swamp:4:  swamp_old_school, layout_basic_swamp, swamp_pool_5,
          nicolae_swamp_drake_lake
Snake:1:  layout_onion_interference
Snake:2:  layout_gridlike, portal_ice_cave_entry_dragon
Snake:3:  layout_misc_corridors, serial_bayou_lagoon_a, st_stairs_9,
          nicolae_shop_overcharged_wands, grunt_megastairs_5, uniq_roxanne,
          uniq_bai_suzhen
Snake:4:  hellmonk_snake_rune_quicksilver_temple, layout_gridlike, drop_trap,
          grunt_megastairs_2, uniq_aizul
Orc:1:    layout_caves
Orc:2:    st_orc_elflike, layout_diamond_mine, minmay_orc_temple_c
Elf:1:    eino_elf_arrival_shootout, layout_geoelf_octagon, serial_shops, shop,
          enter_trove_0, minmay_elf_annihilation, nrook_loot_triangle,
          amethyst_killhole
Elf:2:    nicolae_elf_blades_splatter_lattice
          [nicolae_blade_entry_area_security], layout_geoelf_diagonals,
          dreamdust_princess_bridge, nicolae_shop_vocational, uniq_asterion,
          uniq_nikola, uniq_donald
Elf:3:    minmay_elf_hall_dome, layout_rooms, nicolae_twisty_statue_hallways
Vaults:1: vaults_room_semicircle, hangedman_vaults_trim, v_alt_pattern_2,
          nicolae_vaults_rhombus_6, nicolae_vaults_surprise_closet,
          nicolae_vaults_house_1, hangedman_vaults_capsules,
          hangedman_vaults_slice, nicolae_vaults_tetromino_L_2,
          nicolae_vaults_prndl, nicolae_vaults_display_case,
          layout_vaults_big_room
Vaults:2: v_alt_pattern_1, vaults_room_boxed, nicolae_vaults_puzzle_piece,
          v_misc_2, ontoclasm_vaults_shuriken, v_rooms_3,
          nicolae_vaults_wine_cellar, ontoclasm_vaults_chip,
          nicolae_vaults_layer_cake_slice, nicolae_vaults_apartment_2,
          ontoclasm_vaults_shout, vaults_dpeg_emergency_exit,
          nicolae_vaults_trapezoid_lopsided_1, nicolae_vaults_prndl,
          ontoclasm_vaults_loading_screen, nicolae_vaults_specimen_jars,
          layout_vaults_omnicross
Vaults:3: ontoclasm_vaults_tryst, nicolae_vaults_twisting_passages, v_misc_17,
          minmay_crypt_entry_simple_walls, v_misc_4, v_misc_27,
          vaults_room_grid, nicolae_vaults_security_offices_2,
          nicolae_vaults_house_1, nicolae_vaults_trapezoid_lopsided_3,
          nicolae_vaults_tetromino_T_1, layout_vaults_omnigrid
Vaults:4: nicolae_vaults_taking_the_gang_shopping,
          nicolae_vaults_windows_and_doors_thing, nicolae_vaults_little_ls,
          grunt_vaults_swirl, nicolae_vaults_asterisk,
          nicolae_vaults_network_quinsquares
          [nicolae_vaults_network_quincunx_subvault,
          nicolae_vaults_network_quincunx_subvault,
          nicolae_vaults_network_quincunx_subvault,
          nicolae_vaults_network_quincunx_subvault], v_misc_10,
          nicolae_vaults_shipping_containers_4, vaults_room_grid,
          nicolae_vaults_trapezoid_lopsided_1, v_misc_16, layout_vaults_ring,
          serial_shops, nicolae_shop_hallway_plus
Vaults:5
Crypt:1:  layout_chaotic_city, grunt_ministairs_11
Crypt:2:  layout_gridlike, mu_enter_wizlab_2, serial_glass, glass_columns_b,
          glass_columns_b, glass_columns_a, glass_columns_a, glass_columns_a,
          glass_columns_a, glass_columns_b, glass_columns_a, glass_columns_c,
          glass_columns_a, glass_columns_c, glass_columns_a, glass_columns_c,
          glass_columns_a, skrybe_necro_troll_1
Crypt:3:  david_glass_crypt, layout_gridlike, item_on_display_a
Depths:1: layout_gridlike, grunt_mini_vestibule, nicolae_ashenzari_skybound,
          hangedman_decor_cross_pass, serial_bayou_shore_b
Depths:2: evilmike_diamond_2, layout_long_grid, kennysheep_big_empty_room,
          rand_demon_pan_entry_1, hell_entry, uniq_norris, uniq_vv
Depths:3: minmay_the_grid_octo_tiled_squarecenter_mashed
          [minmay_the_grid_octo_concentric,
          minmay_the_grid_octo_tetromino_candy, minmay_the_grid_octo_shrine,
          minmay_the_grid_octo_pinwheel,
          minmay_the_grid_square_5x5_megaprize_hollow,
          minmay_the_grid_square_5x5_moneybag, minmay_the_grid_square_5x5_fat_x,
          minmay_the_grid_square_5x5_slash,
          minmay_the_grid_square_5x5_one_wall], layout_small_grid,
          enter_ziggurat_b, minmay_misc_feat_doors, hell_entry, serial_shops,
          shop, abyss_entry, kennysheep_windowed_goal,
          infiniplex_staircase_zigzag_2, minmay_shop_star, serial_bayou_shore_b
Depths:4: grunt_twist_and_shout, layout_honeycomb, pan_entry, hell_entry,
          nrook_campfire
Zot:1:    layout_basic, hangedman_zot_wheel_spokes, nicolae_transmutations_shop,
          nicolae_diode_stairs
Zot:2:    layout_concentric_octagons, lemuel_elevator
Zot:3:    minmay_elemental_castle, layout_gridlike, skrybe_zot_glass_2
Zot:4:    layout_cathedral_of_symmetry, grunt_megastairs_4
Zot:5:    layout_twisted_circle

Skill      XL: |  1  2  3  4  5  6  7  8  9 10 11 12 13 14 15 16 17 18 19 20 21 22 23 24 25 26 27 |
---------------+----------------------------------------------------------------------------------+-----
Stealth        | 7 8 9 10 12 13 14 15 16 17 18 19 21 | 21.2
Ranged Weapons | 1 2 3 5 7 10 11 12 13 14 15 16 17 18 | 18.0
Fighting       | 4 5 6 7 9 10 11 12 13 14 15 16 17 18 19 21 | 21.0
Short Blades   | 3 5 6 7 8 9 10 | 10.0
Dodging        | 3 4 5 7 8 10 11 12 13 14 15 16 20 | 20.0
Evocations     | 2 4 5 6 7 8 9 10 11 12 13 18 | 18.3
Invocations    | 2 4 6 7 8 9 10 12 13 15 16 19 | 19.0
Spellcasting   | 2 4 5 6 7 8 9 10 | 10.0
Translocations | 2 5 7 8 9 10 11 16 | 16.3
Hexes          | 5 7 8 10 11 12 13 | 13.0
Armour         | 2 4 |  4.0
Necromancy     | 5 6 7 8 |  8.0
Conjurations   | 3 5 8 9 10 | 10.6
Poison Magic   | 2 4 7 8 9 10 | 10.0
Air Magic      | 2 4 |  4.0
Summonings     | 4 7 8 10 15 | 15.7
Throwing       | 2 |  2.0

Action                     |  1- 3 |  4- 6 |  7- 9 | 10-12 | 13-15 | 16-18 | 19-21 | 22-24 | 25-27 || total
---------------------------+-------+-------+-------+-------+-------+-------+-------+-------+-------++-------
  Melee: Short sword       |    40 |    66 |   125 |    19 |       |       |       |       |       ||   250
         Sling             |       |       |     1 |       |       |       |       |       |       ||     1
         Orcbow            |       |       |       |     4 |       |       |       |       |       ||     4
         Dagger            |       |       |       |    48 |   283 |   227 |    75 |       |       ||   633
         Punch             |       |       |       |     1 |     2 |     5 |     1 |       |       ||     9
         Rapier            |       |       |       |       |       |       |    67 |    37 |    47 ||   151
         Quick blade       |       |       |       |       |       |       |       |       |     5 ||     5
   Fire: Sling             |    49 |   110 |   140 |       |   293 |       |       |       |       ||   592
         Shortbow          |       |       |    34 |       |       |       |       |       |       ||    34
         Orcbow            |       |       |       |   486 |   509 |     9 |     7 |       |     1 ||  1012
         Arbalest          |       |       |       |       |    21 |   493 |   474 |   262 |  1328 ||  2578
  Throw: Dart              |       |       |     5 |       |     5 |     3 |       |       |       ||    13
         Throwing net      |       |       |       |     2 |       |       |       |       |       ||     2
   Cast: Jinxbite          |       |       |       |       |    14 |     1 |       |       |       ||    15
         Blink             |       |       |       |       |     7 |       |       |       |       ||     7
         Anguish           |       |       |       |       |     1 |     2 |     9 |     6 |     5 ||    23
         Olgreb's Toxic Ra |       |       |       |       |       |     2 |    39 |     6 |    29 ||    76
         Tukima's Dance    |       |       |       |       |       |       |     7 |       |     3 ||    10
         Iskenderun's Myst |       |       |       |       |       |       |     5 |     7 |     6 ||    18
         Manifold Assault  |       |       |       |       |       |       |    20 |    12 |    11 ||    43
         Mephitic Cloud    |       |       |       |       |       |       |       |     2 |       ||     2
         Summon Mana Viper |       |       |       |       |       |       |       |       |    33 ||    33
         Dimensional Bulls |       |       |       |       |       |       |       |       |     2 ||     2
         Malign Gateway    |       |       |       |       |       |       |       |       |    15 ||    15
         Summon Cactus Gia |       |       |       |       |       |       |       |       |    14 ||    14
         Sigil of Binding  |       |       |       |       |       |       |       |       |     2 ||     2
 Invoke: Recall Ancestor   |       |       |     2 |    11 |    13 |    19 |    13 |     2 |    15 ||    75
         Ancestor Life: He |       |       |     1 |       |       |       |       |       |       ||     1
         Idealise          |       |       |       |       |     2 |     9 |     6 |       |    13 ||    30
  Evoke: Wand              |       |     5 |     9 |    11 |    20 |    19 |    15 |       |    17 ||    96
         Lightning rod     |       |       |       |       |       |     4 |     9 |     3 |     3 ||    19
         Phantom mirror    |       |       |       |       |       |       |     2 |       |     2 ||     4
    Use: Scroll            |       |     1 |     4 |     8 |    12 |    10 |    22 |     3 |    16 ||    76
         Potion            |       |       |       |       |     1 |     6 |     5 |     2 |     9 ||    23
   Stab: Sleeping          |     3 |     5 |    13 |     6 |    18 |    45 |    21 |       |    18 ||   129
         Paralysed         |       |     3 |     1 |       |    24 |    20 |    12 |     1 |       ||    61
         Distracted        |       |       |     1 |     1 |     6 |     5 |     4 |       |     1 ||    18
         Held in net/web   |       |       |       |     2 |       |       |       |       |       ||     2
         Confused          |       |       |       |       |    14 |     8 |     5 |     1 |     1 ||    29
 Armour: Leather armour    |    27 |    43 |    82 |   122 |   173 |   178 |   143 |    45 |   241 ||  1054
  Dodge: Dodged            |    38 |    78 |   118 |   264 |   535 |   474 |   291 |   122 |   545 ||  2465
  Block: Other             |       |       |       |       |       |       |       |       |     2 ||     2

Table legend: (Time is in decaauts)
 A = Elapsed time spent in this place.
 B = Non-inter-level travel time spent in this place.
 C = Inter-level travel time spent in this place.
 D = Time resting spent in this place.
 E = Time spent auto-exploring this place.
 F = Levels seen in this place.
 G = Mean time per level.
                   A        B        C        D        E       F      G
               +--------+--------+--------+--------+--------+-----+--------+
         Total | 106873 |  91756 |  15117 |  30458 |  30901 |  55 | 1943.1 |
       Dungeon |  24131 |  19322 |   4809 |   3639 |  10542 |  15 | 1608.7 |
        Temple |     22 |     12 |     10 |      0 |      0 |   1 |   22.0 |
          Lair |  12383 |  10689 |   1694 |   2775 |   4364 |   5 | 2476.6 |
         Swamp |   5201 |   4778 |    423 |   1851 |   1493 |   4 | 1300.2 |
     Snake Pit |   8594 |   7620 |    974 |   3176 |   1630 |   4 | 2148.5 |
  Orcish Mines |   3704 |   2830 |    874 |   1101 |    435 |   2 | 1852.0 |
   Elven Halls |   7547 |   6685 |    862 |   3425 |   1307 |   3 | 2515.7 |
        Vaults |  15062 |  13263 |   1799 |   4879 |   3583 |   5 | 3012.4 |
         Crypt |   4858 |   4190 |    668 |    915 |   1425 |   3 | 1619.3 |
        Depths |   8880 |   7130 |   1750 |   2366 |   2413 |   4 | 2220.0 |
           Zot |  13787 |  12535 |   1252 |   5092 |   3252 |   5 | 2757.4 |
         Trove |     54 |     54 |      0 |      0 |      0 |   1 |   54.0 |
        Bailey |   1154 |   1154 |      0 |    480 |    395 |   1 | 1154.0 |
      Ice Cave |   1448 |   1448 |      0 |    755 |     61 |   1 | 1448.0 |
        Wizlab |     43 |     43 |      0 |      0 |      0 |   1 |   43.0 |
               +--------+--------+--------+--------+--------+-----+--------+

Top non-repeatable levels by time:
   Zot:5: 4287 daAuts
Vaults:2: 3655 daAuts
 Snake:4: 3540 daAuts
Vaults:5: 3520 daAuts
    D:15: 3304 daAuts
  Lair:4: 3264 daAuts
    D:14: 3238 daAuts
   Orc:2: 3120 daAuts
Vaults:3: 2964 daAuts
   Elf:2: 2865 daAuts
  Lair:5: 2830 daAuts
Vaults:4: 2770 daAuts
     D:6: 2669 daAuts
   Zot:1: 2621 daAuts
   Zot:2: 2565 daAuts
